 Dungeon Sprint DCSS version 0.21.1-1-g345015f (webtiles) character file.

618 lydgate the Carver (level 7, -2/74 HPs)
             Began as a Minotaur Berserker on Feb 13, 2018.
             Was a Believer of Trog.
             Succumbed to Sonja's curare-tipped needle
             ... in the Dungeon (Sprint I: "Red Sonja").
             The game lasted 00:03:45 (449 turns).

lydgate the Carver (Minotaur Berserker)              Turns: 449, Time: 00:03:46

Health: -2/74      AC:  3    Str: 22    XL:     7   Next: 21%
Magic:  6/6        EV: 14    Int:  4    God:    Trog [**....]
Gold:   307        SH:  0    Dex: 11    Spells: 6/6 levels left

rFire    . . .     SeeInvis .   a - +0 falchion
rCold    . . .     Gourm    .   (no shield)
rNeg     . . .     Faith    .   j - +0 leather armour (curse)
rPois    .         Spirit   .   (helmet restricted)
rElec    .         Reflect  .   (no cloak)
rCorr    .         Harm     .   (no gloves)
MR       ++...     NoTele   +   (no boots)
Stlth    +.........             (no amulet)
HPRegen  1.22/turn              (no ring)
MPRegen  0.10/turn              (no ring)

@: lethally poisoned (-2 -> -40), berserk cooldown, regenerating, slowed, very
slow
A: retaliatory headbutt, horns 2
a: Berserk, Trog's Hand, Burn Spellbooks, Renounce Religion


You were in the Dungeon.
You worshipped Trog.
Trog was pleased with you.
You were very hungry.

You visited 1 branch You collected 307 gold pieces.

Inventory:

Hand Weapons
 a - a +0 falchion (weapon)
Armour
 j - a cursed +0 leather armour (worn)
Scrolls
 i - a scroll of blinking
Potions
 d - a potion of curing
 e - a potion of heal wounds
 f - a potion of haste
 g - 2 potions of magic
 h - a potion of berserk rage
Comestibles
 b - 3 chunks of flesh
 c - a ration


   Skills:
 + Level 11.6 Fighting
 + Level 12.5 Long Blades
 + Level 6.4 Armour
 + Level 5.8 Dodging


You had 6 spell levels left.
You didn't know any spells.

Dungeon Overview and Level Annotations

Branches:
Dungeon (1/1)

Altars:
Cheibriados
Dithmenos
Elyvilon
Fedhas
Gozag
Hepliaklqana
Kikubaaqudgha
Makhleb
Nemelex Xobeh
Okawaru
Qazlal
Ru
Sif Muna
Trog
Uskayaw
Vehumet
Wu Jian
Xom
Yredelemnul
Zin
The Shining One
Jiyva
Lugonu

Shops:
D :

Annotations:
D Sonja


Innate Abilities, Weirdness & Mutations

You reflexively headbutt those who attack you in melee.
You have a pair of horns on your head.


Message History

Sonja blinks!
There is an open door here.
* * * LOW HITPOINT WARNING * * *
You feel very sick.
You are too berserk!
You feel your anger nearly subside.
You are no longer berserk.
You are exhausted.
You feel as though you will be slow longer.
* * * LOW HITPOINT WARNING * * *
You feel very sick.
Sonja shoots a curare-tipped needle.
The curare-tipped needle closely misses you.
Sonja shoots a curare-tipped needle.
The curare-tipped needle hits you.
You are more poisoned.
You have difficulty breathing.
* * * LOW HITPOINT WARNING * * *
You feel as though you will be slow longer.
There is an open door here.
You see here a curare-tipped needle.
You die...

###################
#<.#..)..#..'..#__#
#..'[.#..').#..'^.+
#..#####'#####'#__#
#..####..#...#.####
#..#__####..##[#
#..#_____##(#_.+
#⌠⌠#_.K...@(.._#
####_..__##_(#+#
#_____###'# #######
#.# $.$ #$.$# ##.##
#+#


You could see Sonja.

Vanquished Creatures
  A slime creature (D)
  A yak (D)
  Sigmund (D)
  An ogre (D)
  A jelly (D)
  Ijyb (D)
6 creatures vanquished.

Notes
Turn   | Place    | Note
-------+----------+-------------------------------------------
     0 | D        | lydgate the Minotaur Berserker began the quest for the Orb.
     0 | D        | Reached XP level 1. HP: 19/19 MP: 0/0
     2 | D        | Noticed Ijyb
     8 | D        | Killed Ijyb
     8 | D        | Reached skill level 5 in Fighting
     8 | D        | Reached skill level 5 in Long Blades
     8 | D        | Reached XP level 2. HP: 29/29 MP: 1/1
    52 | D        | Noticed an ogre
    54 | D        | Killed an ogre
    54 | D        | Reached skill level 7 in Long Blades
    54 | D        | Reached XP level 3. HP: 40/40 MP: 2/2
    54 | D        | Reached XP level 4. HP: 48/48 MP: 3/3
    61 | D        | Noticed Sigmund
    71 | D        | Killed Sigmund
    71 | D        | Reached ** piety under Trog
    71 | D        | Reached skill level 10 in Long Blades
    71 | D        | Reached skill level 5 in Armour
    71 | D        | Reached XP level 5. HP: 35/58 MP: 4/4
   209 | D        | Found a burning altar of Makhleb.
   209 | D        | Found a viscous altar of Jiyva.
   209 | D        | Found a shimmering altar of Xom.
   209 | D        | Found a corrupted altar of Lugonu.
   209 | D        | Noticed a slime creature
   315 | D        | Killed a slime creature
   315 | D        | Reached skill level 10 in Fighting
   315 | D        | Reached skill level 11 in Long Blades
   315 | D        | Reached skill level 5 in Dodging
   315 | D        | Reached XP level 6. HP: 67/67 MP: 5/5
   361 | D        | Found an ornate altar of the Wu Jian Council.
   361 | D        | Found a deep blue altar of Sif Muna.
   363 | D        | Found a radiant altar of Vehumet.
   404 | D        | Found Utem Yqi's Book Emporium.
   404 | D        | Found an ancient bone altar of Kikubaaqudgha.
   404 | D        | Found a stormy altar of Qazlal.
   404 | D        | Found a blossoming altar of Fedhas.
   404 | D        | Found a bloodstained altar of Trog.
   404 | D        | Found an iron altar of Okawaru.
   404 | D        | Found a glowing golden altar of the Shining One.
   404 | D        | Found a glowing silver altar of Zin.
   404 | D        | Found a white marble altar of Elyvilon.
   404 | D        | Noticed a yak
   412 | D        | Killed a yak
   412 | D        | Reached skill level 12 in Long Blades
   412 | D        | Reached XP level 7. HP: 67/74 MP: 6/6
   413 | D        | Found a hazy altar of Hepliaklqana.
   413 | D        | Found a hide-covered altar of Uskayaw.
   413 | D        | Found a basalt altar of Yredelemnul.
   413 | D        | Found an opulent altar of Gozag.
   413 | D        | Found a snail-covered altar of Cheibriados.
   413 | D        | Found a sacrificial altar of Ru.
   413 | D        | Found a shadowy altar of Dithmenos.
   420 | D        | Found a sparkling altar of Nemelex Xobeh.
   436 | D        | Noticed Sonja
   449 | D        | Succumbed to Sonja's curare-tipped needle

Skill      XL: |  1  2  3  4  5  6 |
---------------+-------------------+-----
Fighting       | 5 7 9 10 11 | 11.6
Long Blades    | 5 7 10 11 12 | 12.5
Armour         | 3 4 5 6 |  6.4
Dodging        | 3 4 5 |  5.8

Action                   |  1- 3 |  4- 6 |  7- 9 || total
-------------------------+-------+-------+-------++-------
Melee: Falchion          |     5 |    22 |     4 ||    31
       Headbutt          |       |    10 |       ||    10
Invok: Berserk           |     2 |     1 |     1 ||     4
       Trog's Hand       |       |     1 |     1 ||     2
  Eat: Chunk             |       |       |     2 ||     2
Armor: Animal skin       |     1 |       |       ||     1
       Leather armour    |       |     3 |     1 ||     4
Dodge: Dodged            |     1 |     9 |    10 ||    20
       Rpst.: Falchion   |     1 |     4 |     1 ||     6
